cohdb
Replays
Latest Replays
All Replays
Popular Replays
Top Player Replays
Match Explorer
How It Works
Community
CoH3 Stats
Reddit
Sign in to upload your games and track your stats! →
Sign in with Steam
Match 39629092
Unlisted
Match 39629092
Overview
Messages
Build Orders
End
Selects Panzerjäger Kommand Battlegroup
Panzergrenadier Squad
250 Light Carrier
Panzergrenadier Squad
Construct Light Support Kompanie
Panzerjäger Squad
Fire Support Elements
2.5-tonne Medical Truck
Selects Mine Fields
Selects GrB 39 Grenade Launcher Requisition
Panzerjäger Mechanized Group
Combat Half-tracks
le.IG 18 Support Gun Team
Selects Early Warning
Pak 38 Mechanized Group
2.5-tonne Medical Truck
Construct Panzerarmee Kommand
Tungsten Core Ammunition
UH|dun! ツ
UH|XTC
jeremykip
petax9
killionaire
turab
FloppyBob
DSGR
0
0
Comments
sign in to comment!
No comments posted yet!